[Event "MČR juniorů a juniorek v rapid šachu 2024"]
[Site "Hotel Fit Fun, Harrachov, Czech Republic"]
[Date "2024.09.21"]
[Round "4.22"]
[White "Siles Jan"]
[Black "Budil Vaclav"]
[Result "1/2-1/2"]
[TimeControl "20+5"]
[WhiteFideId "23715405"]
[BlackFideId "23776226"]
[WhiteElo "1873"]
[BlackElo "1697"]

1. e4 c5 2. Nc3 Nc6 3.
Bb5 Nd4 4. Nf3 a6 5. Bd3 g6 6. O-O Bg7 7.
Nxd4 Bxd4 8. Ne2 Bg7 9. c3 d5 10. exd5 Qxd5 11. Bc2 Nf6 12. Nf4 Qd6 13. d4 cxd4 14. cxd4 O-O 15. h3 Rd8 16.
Be3 Nd5 17. Nxd5 Qxd5 18. Bb3 Qd6 19. Qf3 Qf6 20. Qe4 Rb8 21. Bf4 Bf5 22. Qe3 Rbc8 23. Be5 Qb6 24. Bxg7 Kxg7 25. Qxe7 Rd7 26.
Qe5+ f6 27. Qe2 Qxd4 28. Rad1 Qe5 29. Qf3 Rcd8 30. g4 Be4 31. Qe2 Bd3 32. Qxe5 fxe5 33. Rfe1 e4 34. Re3 Rd6 35. Kg2 R8d7 36. Kg3 g5 37. Rd2 Bb1 38.
Rxd6 Rxd6 39. f3 exf3 40. Rxf3 Bg6 41.
Rc3 Rd3+ 42. Rxd3 Bxd3 43. Be6 b6 44. a3 Kf6 45. Bc8 a5 46. h4 gxh4+ 47. Kxh4 Kg6 48. Bd7 Kh6 49. Be8 Bc2 50. g5+ Kg7 51. Kg3 Kf8 52. Bb5 Ke7 53.
Kf4 Kd6 54. Be2 Kd5 55. Bg4 Kd6 56. Bf3 Bg6 57. Bg4 Kd5 1/2-1/2



[ePGN "0.1;DGT LiveChess/2.2.6"]

[Event "MČR juniorů a juniorek v rapid šachu 2024"]
[Site "Hotel Fit Fun, Harrachov, Czech Republic"]
[Date "2024.09.21"]
[Round "4.23"]
[White "Pes Matej"]
[Black "Urbansky Stepan"]
[Result "0-1"]
[TimeControl "20+5"]
[WhiteFideId "23766816"]
[BlackFideId "23761741"]
[WhiteElo "1697"]
[BlackElo "1837"]

1. f4 c5 2. Nf3 d5 3. e3 a6 4. b3 g6 5. Bb2 Nf6 6. Be2 Bg7 7. O-O O-O 8. Ne5 Nc6 9. d3 d4 10.
Nxc6 bxc6 11. e4 h5 12. h3 a5 13. Nd2 a4 14. Nc4 Ba6 15. g4 Bxc4 16. bxc4 hxg4 17. hxg4 Ne8 18. Rf2 f6 19.
Rh2 Kf7 20. Qf1 Nc7 21. Ba3 Na6 22. e5 Rh8 23. Rxh8 Qxh8 24. Bf3 Rc8 25. Rb1 Qd8 26. f5 gxf5 27. gxf5 fxe5 28. Qh3 Rb8 29.
Qh5+ Kf8 30. Rf1 Qd6 31. Be4 Nb4 32. Rf2 Qh6 33. Qxh6 Bxh6 34. f6 Be3 35.
fxe7+ Kxe7 36. Bxb4 cxb4 37. Bxc6 Rf8 38. Bxa4 Rxf2 39. Kh1 Kf6 40. c5 Kg5 0-1



[ePGN "0.1;DGT LiveChess/2.2.6"]

[Event "MČR juniorů a juniorek v rapid šachu 2024"]
[Site "Hotel Fit Fun, Harrachov, Czech Republic"]
[Date "2024.09.21"]
[Round "4.24"]
[White "Sknouril Jakub"]
[Black "Vratil Tomas"]
[Result "1-0"]
[TimeControl "20+5"]
[WhiteFideId "23731133"]
[BlackFideId "23756870"]
[WhiteElo "1806"]
[BlackElo "1671"]

1. e4 c6 2. Nc3 d5 3. Nf3 Bg4 4. h3 Bh5 5.
d4 e6 6.
exd5 exd5 7. Bd3 Bd6 8. O-O Ne7 9. Re1 O-O 10. Bxh7+ Kh8 11. Bd3 Nd7 12. g4 Bg6 13. Bg5 f6 14.
Be3 Qc7 15. Bxg6 Nxg6 16. Qd3 Nf4 17.
Bxf4 Bxf4 18. Nh4 Rfe8 19. Qf5 Nf8 20. Rxe8 Rxe8 21. Qh5+ 1-0



[ePGN "0.1;DGT LiveChess/2.2.6"]

[Event "MČR juniorů a juniorek v rapid šachu 2024"]
[Site "Hotel Fit Fun, Harrachov, Czech Republic"]
[Date "2024.09.21"]
[Round "4.25"]
[White "Stara Zuzana"]
[Black "Slivova Linda"]
[Result "1/2-1/2"]
[TimeControl "20+5"]
[WhiteFideId "23733543"]
[BlackFideId "23709294"]
[WhiteElo "1796"]
[BlackElo "1630"]

1. e4 d5 2. exd5 Qxd5 3. Nc3 Qd6 4. d4 Nf6 5. Nf3 c6 6. Ne5 Nbd7 7. f4 Nb6 8. g4 e6 9. Bg2 Qc7 10.
O-O Bd6 11. g5 Nfd5 12. Qh5 g6 13. Qh6 Bf8 14. Qh3 Bg7 15. Bd2 Nxc3 16. bxc3 O-O 17. Qg3 c5 18. Rac1 c4 19. h4 Nd5 20.
h5 b5 21. a3 Bb7 22. Kh2 Ne7 23. Rh1 Nf5 24. Qh3 Bxe5 25. fxe5 Bxg2 26. Qxg2 Qd7 27. hxg6 fxg6 28. Rhf1 Rad8 29.
Rb1 a6 30. a4 Rb8 31. axb5 1/2-1/2



[ePGN "0.1;DGT LiveChess/2.2.6"]

[Event "MČR juniorů a juniorek v rapid šachu 2024"]
[Site "Hotel Fit Fun, Harrachov, Czech Republic"]
[Date "2024.09.21"]
[Round "4.26"]
[White "Marxova Sarka"]
[Black "Andrle Filip"]
[Result "0-1"]
[TimeControl "20+5"]
[WhiteFideId "23701862"]
[BlackFideId "23718749"]
[WhiteElo "1684"]
[BlackElo "1789"]

1. e4 c5 2. Nf3 Nc6 3. d4 cxd4 4.
Nxd4 Nf6 5. Nc3 d6 6. Be3 Ng4 7. Qd2 Nxe3 8. Qxe3 g6 9. Bb5 Bd7 10. O-O Bg7 11. Nxc6 bxc6 12. Be2 O-O 13.
Rad1 Qb6 14. Qxb6 axb6 15. Ra1 Bxc3 16. bxc3 Ra3 17. c4 Rfa8 18. Rfb1 Rxa2 19. Rxa2 Rxa2 20. Rxb6 Rxc2 21. Bf1 c5 22.
Rb7 Be6 23. Rxe7 Rc1 24. Rxe6 fxe6 25. f3 Kf7 26. Kf2 Kf6 27. g3 Ke5 28. Be2 Kd4 29. g4 g5 30. Kg3 Ke3 31. h4 h6 32.
hxg5 hxg5 33. f4 gxf4 34. Kh4 Kxe2 35. g5 f3 36. g6 f2 37. g7 f1=Q 38. g8=Q Qh1+ 39. Kg5 Rg1+ 40. Kf6 Rxg8 0-1



[ePGN "0.1;DGT LiveChess/2.2.6"]

[Event "MČR juniorů a juniorek v rapid šachu 2024"]
[Site "Hotel Fit Fun, Harrachov, Czech Republic"]
[Date "2024.09.21"]
[Round "4.27"]
[White "Housa Jan"]
[Black "Krizan Jakub"]
[Result "1-0"]
[TimeControl "20+5"]
[WhiteFideId "23736356"]
[BlackFideId "23717017"]
[WhiteElo "1788"]
[BlackElo "1000"]

1. d4 d5 2. c4 Nf6 3. Nf3 c5 4. cxd5 Qxd5 5. Nc3 Qd8 6. Bf4 cxd4 7. Nxd4 Nbd7 8. Qa4 Qb6 9. Ndb5 e5 10.
Bxe5 Nxe5 11. Nc7+ Ke7 12. N3d5+ Nxd5 13. Nxd5+ Kd8 14. Nxb6 Bc5 15. Rd1+ Ke7 16. Nxa8 Bd7 17. Qe4 f6 18. f4 Rxa8 19. fxe5 Re8 20. Qxb7 fxe5 21. Rxd7+ Kf6 22. Qf3+ Kg6 23.
e4 Rf8 24. Qg4+ Kh6 25. Qxg7+ Kh5 26. Be2+ Kh4 27. Qg4# 1-0



[ePGN "0.1;DGT LiveChess/2.2.6"]

[Event "MČR juniorů a juniorek v rapid šachu 2024"]
[Site "Hotel Fit Fun, Harrachov, Czech Republic"]
[Date "2024.09.21"]
[Round "4.28"]
[White "Jun Rostislav"]
[Black "Nagyova Daniela"]
[Result "0-1"]
[TimeControl "20+5"]
[WhiteFideId "23719524"]
[BlackFideId "390070"]
[WhiteElo "1641"]
[BlackElo "1787"]

1. e4 e5 2. d4 exd4 3. Qxd4 Nc6 4. Qe3 Nf6 5. Nc3 Bb4 6. Bd2 O-O 7. O-O-O Re8 8. f3 d5 9. Qf2 d4 10.
Na4 a5 11. a3 Bxd2+ 12. Qxd2 Qe7 13. Bb5 Rd8 14. Ne2 Na7 15. Nac3 c6 16. Bd3 dxc3 17. Nxc3 Be6 18. e5 Nd5 19.
Ne4 b5 20. f4 b4 21. a4 b3 22. cxb3 Nb4 0-1



[ePGN "0.1;DGT LiveChess/2.2.6"]

[Event "MČR juniorů a juniorek v rapid šachu 2024"]
[Site "Hotel Fit Fun, Harrachov, Czech Republic"]
[Date "2024.09.21"]
[Round "4.29"]
[White "Hrazdira Matyas Josef"]
[Black "Horvath Michal"]
[Result "1-0"]
[TimeControl "20+5"]
[WhiteFideId "23732954"]
[WhiteElo "1786"]
[BlackElo "1000"]

1. e4 c6 2. Nc3 d5 3. Qf3 dxe4 4.
Nxe4 Nd7 5. c3 Ngf6 6. Nxf6+ Nxf6 7. d4 Bg4 8. Qd3 e6 9. Bg5 Bf5 10. Qe3 Be7 11. Nf3 Nd5 12. Qd2 f6 13.
Be3 Qc7 14. Bd3 Bxd3 15. Qxd3 O-O-O 16. Qe4 e5 17. dxe5 fxe5 18. Qxe5 Bd6 19. Qf5+ Kb8 20. O-O-O g6 21. Qc2 Rhe8 22.
Bg5 Bf4+ 23. Kb1 Bxg5 24. Nxg5 Nf4 25. Rhe1 Rxe1 26. Rxe1 Qd7 27. g3 Nd3 28. Rd1 Kc8 29. f4 c5 30.
Nf3 Qf5 31. a4 c4 1-0



[ePGN "0.1;DGT LiveChess/2.2.6"]

[Event "MČR juniorů a juniorek v rapid šachu 2024"]
[Site "Hotel Fit Fun, Harrachov, Czech Republic"]
[Date "2024.09.21"]
[Round "4.3"]
[White "Jun Robert"]
[Black "Lihotsky Lukas"]
[Result "0-1"]
[TimeControl "20+5"]
[WhiteFideId "23709510"]
[BlackFideId "23727004"]
[WhiteElo "1681"]
[BlackElo "1975"]

1. e4 c6 2. d4 d5 3.
exd5 cxd5 4. c4 Nf6 5. Nc3 Nc6 6. Nf3 Bg4 7. cxd5 Nxd5 8. Be2 e6 9. O-O Be7 10. Ne5 Bxe2 11. Nxe2 Rc8 12. Be3 Nxe5 13. dxe5 Nxe3 14. fxe3 Qb6 15. Nd4 O-O 16. b3 Rc5 17.
Rc1 Rxe5 18. Rf3 Bc5 19. Qd3 Rxe3 20. Rxe3 Bxd4 21. Rce1 Rd8 22. Qe4 Bxe3+ 23. Rxe3 Qd4 24. Qf3 Qd1+ 25. Qxd1 Rxd1+ 26. Kf2 Rd2+ 27. Re2 Rxe2+ 28. Kxe2 Kf8 29. Kd3 Ke7 0-1



[ePGN "0.1;DGT LiveChess/2.2.6"]

[Event "MČR juniorů a juniorek v rapid šachu 2024"]
[Site "Hotel Fit Fun, Harrachov, Czech Republic"]
[Date "2024.09.21"]
[Round "4.30"]
[White "Vondra Filip"]
[Black "Fousek Petr"]
[Result "0-1"]
[TimeControl "20+5"]
[WhiteFideId "23725176"]
[BlackFideId "23736003"]
[WhiteElo "1598"]
[BlackElo "1731"]

1. e4 c6 2. d4 d5 3. Nc3 dxe4 4. Nxe4 Nf6 5. Nxf6+ exf6 6. Nf3 Bf5 7. Be2 Bd6 8. O-O O-O 9. b3 Nd7 10. Bb2 Qc7 11.
h3 Rfe8 12. Re1 Nf8 13. d5 cxd5 14. Qxd5 Be4 15. Qc4 Qxc4 16. Bxc4 Bxc2 17. Nd4 Bg6 18. Nb5 Bb4 19. Rxe8 Rxe8 20.
Nxa7 Rd8 21. a3 Bc5 22. Bc3 Bxa7 23. Re1 Bb8 24. Re7 Rd1+ 25. Re1 Rxe1+ 26. Bxe1 Bd6 27. b4 Be4 28. Bd2 Ne6 29. Be3 Kf8 30. f3 Bc6 31.
b5 Bd7 32. a4 Bc5 33. Kf2 Ke7 34. Ke2 Kd6 35. Bd2 Nd4+ 36. Kd3 Be6 37.
Bf4+ Kd7 38. Bxe6+ Nxe6 39. Bg3 Bd6 40. Bf2 Nc5+ 41. Bxc5 Bxc5 42. Kc4 b6 43. a5 Kd6 44. a6 Kc7 45. Kd5 Bd6 46. Kc4 h5 47.
Kd5 f5 48. Kd4 g5 49. Kd5 g4 50. Kd4 Kc8 51. Kd5 Bb8 52. Kc6 Ba7 53. Kd6 g3 54. Ke5 Kd7 55. Kd5 f6 56. Kc4 Ke6 57.
Kd4 Kd6 58. f4 h4 59. Kc4 Bb8 60. Kd4 Kd7 61. Kd5 Kc8 62. Kc6 Ba7 63. Kd6 Kb8 64. Ke6 Kc7 65. Kxf6 Kd6 66. Kxf5 Kc5 67.
Ke6 Kxb5 68. f5 Kxa6 69. f6 b5 70. Kd5 Be3 71. f7 Bh6 72.
Kc5 Ka5 73. Kd4 Kb4 74. Kd3 Kb3 75.
Ke4 Kc3 76. Kf5 Bf8 77. Kg5 Be7+ 78. Kg6 b4 79. Kh5 b3 80. f8=Q Bxf8 81. Kxh4 Bd6 82. Kg5 b2 83. h4 b1=Q 84. h5 Qe4 85. h6 Be7+ 86. Kh5 Qf5# 0-1



[ePGN "0.1;DGT LiveChess/2.2.6"]

[Event "MČR juniorů a juniorek v rapid šachu 2024"]
[Site "Hotel Fit Fun, Harrachov, Czech Republic"]
[Date "2024.09.21"]
[Round "4.31"]
[White "Boff Vojtech"]
[Black "Lebeda Frantisek Jiri"]
[Result "0-1"]
[TimeControl "20+5"]
[WhiteFideId "23733969"]
[WhiteElo "1719"]
[BlackElo "1000"]

1. d4 Nf6 2. Nf3 d5 3. c4 e6 4. Nc3 c6 5. cxd5 exd5 6. Bg5 Be7 7. e3 Be6 8. Bd3 Nbd7 9. O-O O-O 10. Rc1 h6 11. Bh4 Re8 12. Qb3 Qb6 13. Qc2 Bg4 14. Be2 Bb4 15. a3 Bxc3 16.
Qxc3 Ne4 17. Qc2 Re6 18. Rfe1 Rae8 19. Nd2 Bxe2 20. Rxe2 Ndf6 21. Bxf6 Rxf6 22. Nxe4 Rxe4 23. Qc5 Qxc5 24.
Rxc5 Rfe6 25. Kf1 Kf8 26. Rc3 Ke7 27. g3 Rg4 28. Rec2 Kd6 29. Rb3 Re7 30. Rbc3 h5 31. Rc5 h4 32.
Kg2 hxg3 33. hxg3 f5 34. Kf3 Rg6 35. Ra5 b6 36. Ra4 Rf6 37. Rb4 g5 38. Rb3 Ref7 39. Rbc3 Kd7 40. Ke2 f4 41.
gxf4 gxf4 42. Kd3 fxe3 43. fxe3 Kc7 44. Rh2 Rf2 45. Rc2 Rxc2 46.
Kxc2 Kd6 47. Kd3 Rf1 48. Rh6+ Kc7 49. Rh7+ Kb8 50. Re7 Rb1 51. Kc2 Re1 52. b4 Re2+ 53. Kc3 Re1 54. Kb3 Rb1+ 55.
Kc2 Ra1 56. Kb2 Re1 57. a4 a6 58. Kc3 Rc1+ 59. Kb3 Rb1+ 60. Kc3 Rc1+ 61. Kb2 Rc4 62. Kb3 Rc1 63. e4 dxe4 64. Rxe4 Kc7 65. Rh4 Rb1+ 66. Kc3 Rc1+ 67.
Kb2 Rc4 68. Kb3 Rc1 69. Rh7+ Kb8 70. Rh2 Rb1+ 71. Kc3 Rc1+ 72. Rc2 Rxc2+ 73. Kxc2 Kc7 74. Kd3 b5 75. a5 Kd6 76. Ke4 Ke6 77. Kf4 Kd5 78. Ke3 Kc4 79. Ke4 Kxb4 80. Kd3 Kxa5 81. Kc3 Kb6 0-1



[ePGN "0.1;DGT LiveChess/2.2.6"]

[Event "MČR juniorů a juniorek v rapid šachu 2024"]
[Site "Hotel Fit Fun, Harrachov, Czech Republic"]
[Date "2024.09.21"]
[Round "4.32"]
[White "Hyam Robin"]
[Black "Tichy Richard"]
[Result "1-0"]
[TimeControl "20+5"]
[WhiteFideId "23773413"]
[BlackFideId "23727063"]
[WhiteElo "1571"]
[BlackElo "1698"]

1. e4 e5 2. Nc3 Nf6 3. f4 exf4 4. e5 Qe7 5. Qe2 f3 6. Nxf3 Ng4 7. d4 d5 8.
Nxd5 Qd8 9. Nc3 Bb4 10. h3 Nh6 11. Bxh6 gxh6 12. Qe3 h5 13. a3 Bxc3+ 14. bxc3 Bf5 15. Bd3 Bg6 16. O-O Nc6 17.
Rab1 Na5 18. Rbe1 Qe7 19. e6 Bxd3 20. exf7+ Kxf7 21. Qxe7+ Kg6 22. Ne5+ Kh6 23. Qf6+ Bg6 24. Nf7# 1-0



[ePGN "0.1;DGT LiveChess/2.2.6"]

[Event "MČR juniorů a juniorek v rapid šachu 2024"]
[Site "Hotel Fit Fun, Harrachov, Czech Republic"]
[Date "2024.09.21"]
[Round "4.33"]
[White "Plzak David"]
[Black "Musil Tomas"]
[Result "1-0"]
[TimeControl "20+5"]
[WhiteFideId "23776234"]
[BlackFideId "23762888"]
[WhiteElo "1625"]
[BlackElo "1519"]

1. e4 e6 2. d4 d5 3. Nd2 c5 4. exd5 exd5 5. Ngf3 Nc6 6. Be2 Nf6 7. O-O Be7 8. dxc5 Bxc5 9. Nb3 Be7 10. h3 O-O 11. Bg5 h6 12. Bh4 Re8 13. Re1 Be6 14. c3 Qd7 15. Nfd4 Nxd4 16. Nxd4 Ne4 17.
Bb5 Qd6 18. Bxe7 Rxe7 19. Bd3 Nf6 20. Qf3 Rae8 21. Re3 Bd7 22. Rae1 Rxe3 23. Rxe3 Rxe3 24. Qxe3 a6 25. Bf5 Bxf5 26.
Nxf5 Qd7 27. Ng3 b5 28. Qb6 d4 29. cxd4 Nd5 30. Qxa6 Nb4 31. Qa8+ Kh7 32. Qe4+ Kg8 33. a3 Nc6 34.
d5 Ne7 35. Qe5 Nxd5 36. Ne4 1-0



[ePGN "0.1;DGT LiveChess/2.2.6"]

[Event "MČR juniorů a juniorek v rapid šachu 2024"]
[Site "Hotel Fit Fun, Harrachov, Czech Republic"]
[Date "2024.09.21"]
[Round "4.34"]
[White "Kopecka Libuse"]
[Black "Kopecka Anna"]
[Result "1/2-1/2"]
[TimeControl "20+5"]
[WhiteFideId "23748826"]
[BlackFideId "23767740"]
[WhiteElo "1496"]
[BlackElo "1431"]

1. e4 e6 2. d4 d5 3. e5 c5 4. c3 Nc6 5. Nf3 Bd7 6. Be2 Qb6 7. O-O Be7 8. b3 cxd4 9. cxd4 f6 10. Be3 Qc7 11. Bb5 fxe5 12. Bxc6 Bxc6 13. Nxe5 Nf6 14. Bg5 O-O 15. Nd2 Bd6 16. Qe2 1/2-1/2



[ePGN "0.1;DGT LiveChess/2.2.6"]

[Event "MČR juniorů a juniorek v rapid šachu 2024"]
[Site "Hotel Fit Fun, Harrachov, Czech Republic"]
[Date "2024.09.21"]
[Round "4.35"]
[White "Taborska Aneta"]
[Black "Dufkova Tereza"]
[Result "0-1"]
[TimeControl "20+5"]
[WhiteFideId "23733039"]
[BlackFideId "23744383"]
[WhiteElo "1582"]
[BlackElo "1601"]

1. d4 f5 2. Nf3 Nf6 3. e3 g6 4. Bd3 Bg7 5. O-O d6 6. Nbd2 O-O 7. Qe2 Nc6 8. c3 e5 9. e4 fxe4 10.
Nxe4 Bf5 11. Nxf6+ Qxf6 12. Bg5 Bxd3 13. Qxd3 Qf7 14. Rfe1 h6 15. Bh4 Rae8 16. Re4 Qf5 17. Qc4+ Kh7 18.
d5 Nd4 19. Nxd4 Qxe4 20. Qxc7 Qxh4 21. Nf3 Qe7 22. Qc4 Qf7 23. Re1 Qf4 24. Re4 Qc1+ 25. Re1 Qxb2 26. Re4 Qb1+ 27. Re1 Qf5 28.
Re4 Rc8 29. Qb4 a5 30. Qa4 b5 31. Qc2 Rc4 32. Nd2 Qxf2+ 33. Kh1 0-1



[ePGN "0.1;DGT LiveChess/2.2.6"]

[Event "MČR juniorů a juniorek v rapid šachu 2024"]
[Site "Hotel Fit Fun, Harrachov, Czech Republic"]
[Date "2024.09.21"]
[Round "4.36"]
[White "Macova Marketa"]
[Black "Zadrapova Gabriela"]
[Result "1-0"]
[TimeControl "20+5"]
[WhiteFideId "23715588"]
[BlackFideId "23753056"]
[WhiteElo "1587"]
[BlackElo "1456"]

1. e4 e5 2. Nf3 Nc6 3. Nc3 Nf6 4. d4 exd4 5. Nxd4 Bb4 6. Nxc6 bxc6 7. Bd3 O-O 8. Bg5 Re8 9. O-O h6 10. Bxf6 Qxf6 11.
Qd2 d5 12. exd5 cxd5 13. a3 Ba5 14. b4 Bb6 15. Nxd5 Qd6 16. Nxb6 axb6 17. Rfd1 Bb7 18. Qc3 Qe6 19. Qxc7 Bd5 20.
Qg3 Qc6 21. c4 Bxc4 22. Bxc4 Qxc4 23. Rdc1 Qe6 24. Qf3 Ra7 25. h3 Rae7 26. Rc6 Qd7 27. Rac1 Re1+ 28. Rxe1 Rxe1+ 29. Kh2 Rd1 30. Qc3 Rd3 31. Qc1 Qd4 32.
Qc4 Qe5+ 33. g3 Rd4 34. Qc2 g6 35. Rxb6 Qe1 36. Rc6 Rd1 37. Rc8+ Kg7 38. Qb2+ Kh7 39. Qh8# 1-0



[ePGN "0.1;DGT LiveChess/2.2.6"]

[Event "MČR juniorů a juniorek v rapid šachu 2024"]
[Site "Hotel Fit Fun, Harrachov, Czech Republic"]
[Date "2024.09.21"]
[Round "4.4"]
[White "Rousek Jan"]
[Black "Hosova Sandra"]
[Result "1-0"]
[TimeControl "20+5"]
[WhiteFideId "386669"]
[BlackFideId "397717"]
[WhiteElo "1958"]
[BlackElo "1847"]

1. d4 d5 2. Nf3 Nc6 3. g3 Bf5 4. Bg2 Qd7 5. O-O f6 6. c4 e6 7. Nc3 Nge7 8. Re1 O-O-O 9. Qa4 Kb8 10.
b4 Nc8 11. c5 g5 12. b5 N6e7 13. e4 dxe4 14. Nxe4 Bxe4 15. Rxe4 Nd5 16. c6 Ncb6 17. cxd7 Nxa4 18. Rxe6 Bb4 19.
Nxg5 fxg5 20. Bxd5 Rxd7 21. Bb3 Bc3 22. Rb1 Nb6 23. Bxg5 Rxd4 24. Bf6 Rf8 25. Bxd4 Bxd4 26. Re2 a6 27. Rd1 Bc5 28. bxa6 bxa6 29.
Kg2 Nc8 30. f4 Nd6 31. Rde1 Nf5 32. Re5 Bd6 33. Re8+ Rxe8 34. Rxe8+ Kb7 35. Rh8 h6 36. Bd5+ Kb6 37. Be4 Nd4 38.
Rxh6 Kb5 39. Bd3+ Kb4 40. Bxa6 Nb5 41. Bxb5 Kxb5 42. Kf2 Ba3 43. Ke2 c5 44. Kd3 c4+ 45. Kc2 Kc5 46. Re6 Kd4 47. h4 1-0



[ePGN "0.1;DGT LiveChess/2.2.6"]

[Event "MČR juniorů a juniorek v rapid šachu 2024"]
[Site "Hotel Fit Fun, Harrachov, Czech Republic"]
[Date "2024.09.21"]
[Round "4.5"]
[White "Mikolas Petr"]
[Black "Mrazek Adam"]
[Result "1/2-1/2"]
[TimeControl "20+5"]
[WhiteFideId "23713224"]
[BlackFideId "23725010"]
[WhiteElo "1892"]
[BlackElo "1830"]

1. e4 c5 2. Nf3 Nc6 3.
d4 cxd4 4. Nxd4 Nf6 5. Nc3 e5 6. Ndb5 d6 7. Bg5 a6 8. Na3 b5 9. Nd5 Be7 10. Bxf6 Bxf6 11. c3 O-O 12. Nc2 Rb8 13. Be2 Bg5 14.
Nce3 Ne7 15. O-O Kh8 16. Nxe7 Qxe7 17. Nd5 Qb7 18. Bg4 Be6 19. f3 Bxd5 20. Qxd5 Qxd5 21. exd5 f5 22. Bh3 g6 23. Kf2 Rfc8 24. Rfd1 b4 25. cxb4 Rc2+ 26. Kf1 Rxb4 27. b3 Rb5 28. Rd3 Rbc5 29.
b4 R5c4 30. Rb3 Rd2 31. b5 axb5 32. Rxb5 Rcc2 33. a4 Be3 34. a5 Rf2+ 35. Ke1 Rce2+ 36. Kd1 Rd2+ 37. Ke1 Rfe2+ 38. Kf1 Bd4 39. Rc1 Rc2 40. Rxc2 Rxc2 41. Rb8+ Kg7 42. a6 Ra2 43. Ra8 Kh6 44. Ke1 Kg5 45. Kd1 Kf4 46. Kc1 g5 47. g3+ Kxf3 48. Bxf5 e4 49. Rf8 Ke3 50. Re8 Kd3 51. Bxe4+ Kc3 52. Kd1 Rxa6 53. Rc8+ Bc5 54. Bxh7 Ra1+ 55. Ke2 Ra2+ 56. Kf3 Rxh2 57. Bf5 Kd4 58. Be6 Ke5 59. Kg4 Rg2 60. Rf8 Bf2 61. Rf5+ Kd4 62. Rxg5 Rxg3 63. Kf5 Rxg5+ 64. Kxg5 Be3+ 65. Kg4 Ke5 66. Kf3 Bc5 67. Ke2 Bd4 68. Kd3 Bc5 69. Kc4 Bd4 70. Kb5 Bc5 71. Kc6 Bd4 1/2-1/2



[ePGN "0.1;DGT LiveChess/2.2.6"]

[Event "MČR juniorů a juniorek v rapid šachu 2024"]
[Site "Hotel Fit Fun, Harrachov, Czech Republic"]
[Date "2024.09.21"]
[Round "4.6"]
[White "Zadrapova Amalie"]
[Black "Jun Rudolf"]
[Result "0-1"]
[TimeControl "20+5"]
[WhiteFideId "23710276"]
[BlackFideId "376612"]
[WhiteElo "1891"]
[BlackElo "2142"]

1. e4 c5 2. Nf3 b6 3. d4 cxd4 4. Nxd4 Bb7 5. Nc3 g6 6. Be3 Bg7 7. f3 Nc6 8. Bc4 Rc8 9. Bb3 Nf6 10.
Qd2 Nxd4 11. Bxd4 d6 12. O-O-O O-O 13. Kb1 Qd7 14. g4 b5 15. h4 b4 16. Nd5 Nxd5 17. Bxd5 Bxd5 18. exd5 Bxd4 19.
Qxd4 Qc7 20. Rh2 Qc4 21. h5 Qxd4 22. Rxd4 a5 23. Kc1 Kg7 24. Kd2 Rc5 25. Kd3 g5 26. Re2 Re8 27. Ree4 Rec8 28. Re2 R8c7 29. Rf2 Rd7 30. Re2 Kf6 31. Kd2 e5 32.
dxe6 fxe6 33. Kd1 e5 34. Rde4 Rf7 35.
R4e3 Ke6 36. c3 bxc3 37. bxc3 Rf4 38. Kc2 Ra4 39. Kb3 Rf4 40. Kc2 Rb5 41. Kd3 Ra4 42. c4 Rbb4 43. Re4 Ra3+ 44.
Kd2 Rb2+ 45. Ke1 Rxe2+ 46. Kxe2 Rxa2+ 47. Kd3 a4 48. Re1 Ra3+ 49. Ke2 Rc3 50. Ra1 Rxc4 51. Kd3 Rd4+ 52. Ke3 Rb4 53. Kd3 Rb3+ 54. Ke2 a3 55.
Kf2 d5 56. Ke2 d4 57. Kf2 Kd5 58. Ke2 Rb2+ 59. Kd3 Rf2 0-1



[ePGN "0.1;DGT LiveChess/2.2.6"]

[Event "MČR juniorů a juniorek v rapid šachu 2024"]
[Site "Hotel Fit Fun, Harrachov, Czech Republic"]
[Date "2024.09.21"]
[Round "4.7"]
[White "Ret Adam Josef"]
[Black "Pejrimovska Viola Ruby"]
[Result "0-1"]
[TimeControl "20+5"]
[WhiteFideId "384240"]
[BlackFideId "23709529"]
[WhiteElo "2038"]
[BlackElo "1876"]

1. c4 Nf6 2. g3 g6 3. Bg2 Bg7 4. Nc3 O-O 5. d4 d6 6. Nf3 Nbd7 7.
O-O e5 8. e3 c6 9. b3 Nh5 10. Ba3 c5 11. Bb2 f5 12. Nb5 cxd4 13. exd4 e4 14. Ne1 Nc5 15. dxc5 Bxb2 16. Rb1 Be5 17.
Qd5+ Kg7 18. Nxd6 Qe7 19. f3 Nxg3 20. hxg3 Bxg3 21. fxe4 Be6 22. Qd4+ Kg8 23. exf5 gxf5 24. Nf3 Rf6 25. Qe3 f4 26. Qe5 Rg6 27. Rb2 Rf8 28. Re2 Qd7 29. Nd4 f3 30.
Qe4 fxe2 31. Rxf8+ Kxf8 32. Qxe2 Bg4 33. Qf1+ Kg7 34. N4f5+ Bxf5 35. Nxf5+ Kg8 36. Qf3 Be5 37. Qd5+ Qxd5 38.
cxd5 Kf7 39. Kf1 Rf6 40. Be4 Kg6 41. Ke2 Rxf5 42. d6 Bf6 0-1



[ePGN "0.1;DGT LiveChess/2.2.6"]

[Event "MČR juniorů a juniorek v rapid šachu 2024"]
[Site "Hotel Fit Fun, Harrachov, Czech Republic"]
[Date "2024.09.21"]
[Round "4.8"]
[White "Vilimek Vit"]
[Black "Dobsa Emma"]
[Result "1-0"]
[TimeControl "20+5"]
[WhiteFideId "23718218"]
[BlackFideId "23709391"]
[WhiteElo "2025"]
[BlackElo "1830"]

1. e4 e5 2. Nf3 Nc6 3. Nc3 Nf6 4. h3 d5 5. exd5 Nxd5 6. Bb5 Nxc3 7. bxc3 Bd6 8. d4 exd4 9. Qe2+ Qe7 10. Qxe7+ Bxe7 11. cxd4 O-O 12. O-O Bf6 13. c3 Bd7 14. Bd3 Rad8 15. Bf4 Rc8 16.
Rab1 b6 17. Ba6 Rce8 18. Bxc7 Bf5 19. Rbe1 Be4 20. Bb5 Bxf3 21. gxf3 Rc8 22. Bf4 Ne7 23. Bd6 Rfe8 24. Bxe8 1-0



[ePGN "0.1;DGT LiveChess/2.2.6"]

[Event "MČR juniorů a juniorek v rapid šachu 2024"]
[Site "Hotel Fit Fun, Harrachov, Czech Republic"]
[Date "2024.09.21"]
[Round "4.9"]
[White "Koranda Kosma"]
[Black "Juhanak Daniel"]
[Result "1/2-1/2"]
[TimeControl "20+5"]
[WhiteFideId "23772948"]
[BlackFideId "23718765"]
[WhiteElo "1884"]
[BlackElo "1982"]

1. e4 e6 2. d4 d5 3. exd5 exd5 4. Bd3 Nf6 5. Nf3 c5 6. dxc5 Bxc5 7.
Qe2+ Qe7 8. Qxe7+ Kxe7 9. O-O Nc6 10. Re1+ Be6 11. Ng5 Rae8 12. Nxe6 fxe6 13. Bg5 Rhf8 14. Bxh7 Kd7 15. Bg6 Rc8 16. h3 Ne4 17. Be3 Bxe3 18.
fxe3 Nb4 19. Bxe4 dxe4 20. Nc3 Nxc2 21. Rad1+ Ke7 22. Re2 Nb4 23. a3 Nc6 24. Red2 Ne5 25. Nxe4 Rc7 26. b3 b5 27. Rf1 Rxf1+ 28. Kxf1 Rc1+ 29. Ke2 Ra1 30. Nc3 Rxa3 31.
Nxb5 Rxb3 32. Nxa7 Nc4 33. Nc6+ Kf6 34. Rd3 Rb2+ 35. Kf1 Kf5 36. Rc3 Nd2+ 37. Ke1 Ne4 38. Rc2 Rb1+ 1/2-1/2



[ePGN "0.1;DGT LiveChess/2.2.6"]

[Event "MČR juniorů a juniorek v rapid šachu 2024"]
[Site "Hotel Fit Fun, Harrachov, Czech Republic"]
[Date "2024.09.21"]
[Round "5.1"]
[White "Skypala Ondrej"]
[Black "Markina Sofiia"]
[Result "1-0"]
[TimeControl "20+5"]
[WhiteFideId "366285"]
[BlackFideId "23744014"]
[WhiteElo "2033"]
[BlackElo "1885"]

1. c4 Nf6 2. g3 c6 3. Bg2 d5 4. Nf3 Bf5 5. cxd5 cxd5 6.
Qb3 Qd7 7. Ne5 Qc7 8. Nc3 e6 9. d3 a6 10. Qa4+ Nc6 11. Bf4 Bd6 12. Nb5 axb5 13. Qxa8+ Nd8 14. Rc1 Qb6 15. O-O O-O 16.
Rc8 g5 17. Nd7 Nxd7 18. Bxd6 Qxd6 19. Rxd8 Qb6 20. Rxf8+ Nxf8 21. Rc1 Kg7 22. Rc8 Qd6 23. h3 Ng6 24. Rg8+ Kh6 25. Qxb7 Ne5 26.
Qxb5 Qc7 27. Qb8 Qc1+ 28. Kh2 Ng6 29. Qb7 Ne5 30. d4 Ng6 31. Qxf7 g4 32. Qg7+ Kh5 33. Qxh7+ Kg5 34. Qh4# 1-0



[ePGN "0.1;DGT LiveChess/2.2.6"]

[Event "MČR juniorů a juniorek v rapid šachu 2024"]
[Site "Hotel Fit Fun, Harrachov, Czech Republic"]
[Date "2024.09.21"]
[Round "5.10"]
[White "Rybackova Lucie"]
[Black "Jun Robert"]
[Result "1-0"]
[TimeControl "20+5"]
[WhiteFideId "23739207"]
[BlackFideId "23709510"]
[WhiteElo "1933"]
[BlackElo "1681"]

1. d4 d5 2. Nf3 e6 3. g3 c5 4.
Bg2 Nc6 5. O-O Nf6 6. c4 cxd4 7. Nxd4 Bc5 8. Nb3 Be7 9. cxd5 exd5 10. Nc3 Be6 11. Be3 Ne5 12. Nd4 Nc4 13. Bc1 O-O 14.
b3 Nd6 15. Bb2 Rc8 16. Rc1 Nfe4 17. Nxe4 Rxc1 18. Qxc1 Nxe4 19. Nxe6 fxe6 20. Bxe4 dxe4 21. Rd1 Qb6 22. Bd4 Qb5 23.
Qc2 b6 24. Qxe4 Bc5 25. Qxe6+ Kh8 26. Bxg7+ 1-0



[ePGN "0.1;DGT LiveChess/2.2.6"]